AoeStats
← TheF!nalOne

Black Forest

509745309Analyzed
2v2 RM · 4d ago on Sep 27, 2026· 26m 23s· 4 players
Game mode
Random Map
Map size
Medium (4 player)
Population
200
Speed
Normal
Resources
Standard
Victory
Conquest
Starting age
Dark Age
Ending age
Imperial Age
RankedLock teamsTeams togetherTeam positionsShared explorationLock speedFull tech treeHidden civsTurbo modeCheats
Victory
Defeat
🇺🇸 Vikings · United States
991
+16
🇺🇸 Japanese · United States
978
+18
🇧🇴 Persians · Bolivia
1000
-51
🇫🇷 Italians · France
1000
-51
BLUERACOON
4:16 Loom
10:52 Feudal Age
12:20 Double-Bit Axe
12:19 Horse Collar
12:14 Man-at-Arms
14:02 Arson
14:40 Stone Mining
14:43 Gold Mining
19:51 Scale Mail Armor
20:03 Forging
26:48 Fletching
27:03 Padded Archer Armor
TheF!nalOne
5:00 Loom
11:36 Feudal Age
12:14 Double-Bit Axe
13:23 Horse Collar
16:57 Castle Age
16:25 Stone Mining
25:33 Scale Mail Armor
L_Exsmthng
12:30 Loom
xjotapex
8:41 Loom
18:42 Feudal Age
19:12 Horse Collar
20:14 Wheelbarrow
Connection lost

Rejoining the realm…

Still unreachable

The connection could not be restored.

Session expired

The server has moved on; the page needs a fresh start.